 Dungeon Crawl Stone Soup version 0.18-b1-14-g029dad2 (webtiles) character file.

42 Chiseanne the Magician (level 3, 24/24 HPs)
             Began as a Demonspawn Wizard on Apr 30, 2016.
             Quit the game on level 2 of the Dungeon.
             The game lasted 00:02:39 (1706 turns).

Chiseanne the Magician (Demonspawn Wizard)          Turns: 1706, Time: 00:02:40

Health: 24/24      AC:  2    Str:  7    XL:     3   Next: 33%
Magic:  4/8        EV: 12    Int: 20    God:
Gold:   7          SH:  0    Dex: 11    Spells: 1 memorised, 8 levels left

rFire  . . .     SeeInvis .     i - +0 short sword
rCold  . . .     Gourm    .     a - +0 robe
rNeg   . . .     Faith    .     (no shield)
rPois  .         Spirit   +     b - +0 hat
rElec  .         Dismiss  .     (no cloak)
rCorr  .         Reflect  .     (no gloves)
SustAt .         Harm     .     (no boots)
MR     .....                    (no amulet)
Stlth  ++........               (no ring)
                                (no ring)

@: very slightly contaminated, not resistant to hostile enchantments, unstealthy
A: claws 1, magic shield
a: no special abilities


You were on level 2 of the Dungeon.
You were very hungry.

You visited 1 branch of the dungeon, and saw 2 of its levels.

You collected 7 gold pieces.

Inventory:

Hand Weapons
 i - a +0 short sword (weapon)
Missiles
 e - 16 bolts
 f - 21 stones (quivered)
 g - 20 arrows
 h - 51 sling bullets
Armour
 a - a +0 robe (worn)
 b - a +0 hat (worn)
 j - a +0 shield
Scrolls
 k - 2 scrolls of teleportation
 n - a scroll of noise {unknown}
Potions
 l - a potion of invisibility
Books
 c - a book of Minor Magic

   Spells                             Type                      Level
   a - Magic Dart                     Conjuration                  1
   b - Blink                          Translocation                2
   c - Call Imp                       Summoning                    2
   d - Repel Missiles                 Charms/Air                   2
   e - Slow                           Hexes                        2
   f - Conjure Flame                  Conjuration/Fire             3
   g - Mephitic Cloud                 Conjuration/Poison/Air       3
Comestibles
 d - 2 bread rations
 m - a slice of pizza


   Skills:
 - Level 1.7 Dodging
 - Level 1.7 Stealth
 * Level 3.5 Spellcasting
 * Level 2.4 Conjurations
   Level 1.0 Summonings
   Level 0.8 Translocations


You had 8 spell levels left.
You knew the following spells:

 Your Spells              Type           Power        Failure   Level  Hunger
a - Magic Dart            Conj           ##..         6%          1    None


Dungeon Overview and Level Annotations

Branches:
Dungeon (2/15)

Altars:


Innate Abilities, Weirdness & Mutations

You have sharp fingernails.
When hurt, damage is shared between your health and your magic reserves.


Message History

The magic dart hits the adder.
The adder is almost dead.
Casting: Magic Dart
Confirm with . or Enter, or press ? or * to list all spells.
Aiming: Magic Dart
Press: ? - help, Shift-Dir - straight line, f/p - adder
Aim: an adder (almost dead)
The magic dart hits the adder.
You kill the adder!
Casting: Magic Dart
Confirm with . or Enter, or press ? or * to list all spells.
Aiming: Magic Dart
Press: ? - help, Shift-Dir - straight line, f - you Really target yourself? [Y]es or [N]o only, please.
Really target yourself?
Okay, then.
Found a ring mail.
n - a scroll labeled OCRISAONI FUSET Are you sure you want to abandon this character and quit the game? (Confirm with "yes".)

##########
#........#
#.#####.##
#.#.# #.#
#.#<# #.#
#.#.# #.#
#.#.# #.#
#.#.# #.#
#@#.# #.#
#.#.# #.#
#.#.# #.#
#.#.# #.#
#.#.# #.#
..#.###.#
..#.....#
.[#.######
#......#


There were no monsters in sight!

Vanquished Creatures
  An adder (D:2)
  2 giant geckos (D:1)
  A ball python (D:1)
  7 bats (D:1)
  A giant cockroach (D:1)
  4 goblins (D:1)
  4 hobgoblins (D:1)
  2 kobolds (D:1)
  2 giant newts (D:1)
  3 rats (D:1)
27 creatures vanquished.

Notes
Turn   | Place    | Note
--------------------------------------------------------------
     0 | D:1      | Chiseanne the Demonspawn Wizard began the quest for the Orb.
     0 | D:1      | Reached XP level 1. HP: 13/13 MP: 4/4
   335 | D:1      | Gained mutation: When hurt, damage is shared between your health and your magic reserves. [demonic ancestry]
   335 | D:1      | Reached XP level 2. HP: 19/19 MP: 3/6
  1144 | D:1      | Gained mutation: You have sharp fingernails. [demonic ancestry]
  1144 | D:1      | Reached XP level 3. HP: 24/24 MP: 2/8
  1706 | D:2      | Quit the game

Skill      XL: |  1  2 |
---------------+-------+-----
Conjurations   | 2 |  2.4
Dodging        | |  1.7
Stealth        | |  1.7
Spellcasting   | |  3.5
Summonings     | |  1.0
Translocations | |  0.8

Action                   || total
-------------------------++-------
Melee: Unarmed           ||     3
       Short sword       ||    12
 Cast: Magic Dart        ||    74
  Use: Scroll            ||     3
  Eat: Chunk             ||     1
Armor: Robe              ||     4
Dodge: Dodged            ||    12
